APP
PHILADELPHIA (APP) PHILLIES @ DANVILLE BRAVES
08/24/2045
 
TOP OF THE 1ST
Philadelphia (APP) Phillies batting - Pitching for Danville Braves : RHP Rick Grenfell
Pitching: RHP Rick Grenfell
Batting: LHB Jonathan Roman 0-0: Swinging Strike
0-1: Ball
1-1: Foul Ball, location: 2F
1-2: Ball
2-2: Foul Ball, location: 2F
2-2: Ball
3-2: Base on Balls
Batting: LHB Matt Urbanek 0-0: Ball
1-0: SINGLE (Groundball, 6MD, EV 106.2 MPH)
Jonathan Roman to second
Batting: SHB Marco de Leon 0-0: Called Strike
0-1: Ball
1-1: Called Strike
1-2: Strikes out swinging
Batting: RHB Eduardo Calderon 0-0: Grounds into double play, 6-4-3 (Groundball, 6, EV 82.5 MPH)
Top of the 1st over - 0 runs, 1 hit, 0 errors, 1 left on base; Philadelphia (APP) 0 - Danville 0
BOTTOM OF THE 1ST
Danville Braves batting - Pitching for Philadelphia (APP) Phillies : RHP Gregorio Padilla
Pitching: RHP Gregorio Padilla
Batting: RHB Zach Hulme 0-0: SINGLE (Groundball, 6, EV 96.9 MPH)
Batting: RHB Joe Young 0-0: Ball
1-0: Ball
2-0: Called Strike
2-1: Grounds into double play, 6-4-3 (Groundball, 6, EV 93.8 MPH)
Batting: RHB Yojiro Hayashi 0-0: Called Strike
0-1: Foul Ball, location: 2F
0-2: Strikes out swinging
Bottom of the 1st over - 0 runs, 1 hit, 0 errors, 0 left on base; Philadelphia (APP) 0 - Danville 0
TOP OF THE 2ND
Philadelphia (APP) Phillies batting - Pitching for Danville Braves : RHP Rick Grenfell
Batting: RHB Mike Bell 0-0: Ball
1-0: Foul Ball, location: 2F
1-1: Ball
2-1: Foul Ball, location: 2F
2-2: Ball
3-2: Strikes out swinging
Batting: LHB Emilio Ortez 0-0: Called Strike
0-1: Swinging Strike
0-2: Strikes out looking
Batting: RHB Gary Sampson 0-0: Called Strike
0-1: Ball
1-1: Swinging Strike
1-2: Strikes out swinging
Top of the 2nd over - 0 runs, 0 hits, 0 errors, 0 left on base; Philadelphia (APP) 0 - Danville 0
BOTTOM OF THE 2ND
Danville Braves batting - Pitching for Philadelphia (APP) Phillies : RHP Gregorio Padilla
Batting: RHB Josh McCormick 0-0: Called Strike
0-1: Ball
1-1: Called Strike
1-2: Ball
2-2: SINGLE (Line Drive, 6D, EV 101.2 MPH)
Batting: SHB Jose Melendez 0-0: Ball
Balk!
Josh McCormick to second
1-0: Called Strike
1-1: SINGLE (Line Drive, 56D, EV 97.5 MPH)
Josh McCormick to third
Batting: RHB Brandon Burrell 0-0: Ball
1-0: Reached on error, E5 (Groundball, 5, EV 109.4 MPH)
Josh McCormick scores
Jose Melendez to second
Batting: RHB Armando Moz 0-0: Foul Ball, location: 2F
0-1: Called Strike
0-2: Foul Ball, location: 2F
0-2: Ball
1-2: Grounds into double play, 6-4-3 (Groundball, 6, EV 102.5 MPH)
Jose Melendez to third
Pitching: RHP Tony Ferreira
Batting: RHB Gebre-Giorgios Wangondu 0-0: Foul Ball, location: 2F
0-1: Called Strike
0-2: Ball
1-2: Foul Ball, location: 2F
1-2: SINGLE (Groundball, 6MD, EV 97.5 MPH)
Jose Melendez scores
Batting: RHB Gerard Michel 0-0: Foul Ball, location: 2F
0-1: Fly out, F8 (Flyball, 8RM, EV 81.2 MPH)
Bottom of the 2nd over - 2 runs, 3 hits, 1 error, 1 left on base; Philadelphia (APP) 0 - Danville 2
TOP OF THE 3RD
Philadelphia (APP) Phillies batting - Pitching for Danville Braves : RHP Rick Grenfell
Batting: RHB Juan Valadez 0-0: Ball
1-0: Called Strike
1-1: Ball
2-1: Called Strike
2-2: Fly out, F9 (Flyball, 9S, EV 87.5 MPH)
Batting: RHB Allen Deschamps 0-0: Ball
1-0: Foul Ball, location: 2F
1-1: Ball
2-1: SINGLE (Groundball, 34D, EV 94.4 MPH)
Batting: LHB Jonathan Roman 0-0: Ball
1-0: Ball
2-0: Ball
3-0: Base on Balls
Allen Deschamps to second
Batting: LHB Matt Urbanek 0-0: Ball
1-0: Fielders Choice at 2nd, 5-4 (Groundball, 56, EV 82.5 MPH)
Allen Deschamps to third
Batting: SHB Marco de Leon 0-0: Ball
1-0: Called Strike
1-1: Foul Ball, location: 2F
1-2: Ball
2-2: Ball
3-2: Ground out U3 (Groundball, 3L, EV 96.9 MPH)
Top of the 3rd over - 0 runs, 1 hit, 0 errors, 2 left on base; Philadelphia (APP) 0 - Danville 2
BOTTOM OF THE 3RD
Danville Braves batting - Pitching for Philadelphia (APP) Phillies : RHP Tony Ferreira
Batting: RHB Zach Hulme 0-0: Ball
1-0: DOUBLE (Groundball, 5L, EV 106.2 MPH)
Batting: RHB Joe Young 0-0: Swinging Strike
0-1: Ball
1-1: Ball
2-1: Swinging Strike
2-2: Foul Ball, location: 2F
2-2: Foul Ball, location: 2F
2-2: SINGLE (Flyball, 6D, EV 96.2 MPH)
Zach Hulme to third
Batting: RHB Yojiro Hayashi 0-0: Ball
Joe Young is caught stealing 2nd base 2-4
1-0: Called Strike
1-1: Ball
2-1: Ball
3-1: Base on Balls
Pitching: RHP Josh Howell
Batting: RHB Josh McCormick 0-0: Ball
Yojiro Hayashi steals 2nd base
1-0: Foul Ball, location: 2F
1-1: Fly out, F9 (Flyball, 9, EV 89.4 MPH)
Runner from 3rd tags up, SCORES, throw by RF
Batting: SHB Jose Melendez 0-0: Ball
1-0: Ball
2-0: Ball
3-0: Base on Balls
Batting: RHB Brandon Burrell 0-0: Ball
1-0: Ball
2-0: Ball
3-0: Base on Balls
Yojiro Hayashi to third
Jose Melendez to second
Batting: RHB Armando Moz 0-0: Called Strike
0-1: Called Strike
0-2: Fielders Choice at 2nd, U6 (Groundball, 6M, EV 95.6 MPH)
Bottom of the 3rd over - 1 run, 2 hits, 0 errors, 3 left on base; Philadelphia (APP) 0 - Danville 3
TOP OF THE 4TH
Philadelphia (APP) Phillies batting - Pitching for Danville Braves : RHP Rick Grenfell
Batting: RHB Eduardo Calderon 0-0: Swinging Strike
0-1: Swinging Strike
0-2: Ball
1-2: Strikes out looking
Batting: RHB Mike Bell 0-0: Ball
1-0: SINGLE (Line Drive, 7S, EV 90.0 MPH)
Batting: LHB Emilio Ortez 0-0: Ball
1-0: Foul Ball, location: 2F
1-1: Ball
2-1: Ball
3-1: Called Strike
3-2: Foul Ball, location: 2F
3-2: Ground out 5-3 (Groundball, 56S, EV 81.9 MPH)
Mike Bell to second
Batting: RHB Gary Sampson 0-0: Ball
1-0: Called Strike
1-1: Swinging Strike
1-2: Strikes out swinging
Top of the 4th over - 0 runs, 1 hit, 0 errors, 1 left on base; Philadelphia (APP) 0 - Danville 3
BOTTOM OF THE 4TH
Danville Braves batting - Pitching for Philadelphia (APP) Phillies : RHP Josh Howell
Batting: RHB Gebre-Giorgios Wangondu 0-0: Called Strike
0-1: Hit by Pitch
Pinch Runner at 1st George Provance:
Batting: RHB Gerard Michel 0-0: Ball
George Provance steals 2nd base (no throw)
1-0: Ball
2-0: DOUBLE (Flyball, 78XD, EV 101.2 MPH)
George Provance scores
Pitching: RHP Joe Morse
Batting: RHB Zach Hulme 0-0: Swinging Strike
0-1: Fly out, F8 (Flyball, 89D, EV 91.9 MPH)
Runner from 2nd tags up, OUT at 3rd! 8-5
Batting: RHB Joe Young 0-0: Ball
1-0: Foul Ball, location: 2F
1-1: SINGLE (Groundball, 6MD, EV 95.6 MPH)
Batting: RHB Yojiro Hayashi 0-0: Ball
1-0: Ball
2-0: Ball
Joe Young steals 2nd base
3-0: Called Strike
3-1: Base on Balls
Batting: RHB Josh McCormick 0-0: Called Strike
0-1: Fielders Choice at 2nd, 6-4 (Groundball, 6, EV 80.0 MPH)
Bottom of the 4th over - 1 run, 2 hits, 0 errors, 2 left on base; Philadelphia (APP) 0 - Danville 4
TOP OF THE 5TH
Philadelphia (APP) Phillies batting - Pitching for Danville Braves : RHP Rick Grenfell
Now in LF: George Provance
Batting: RHB Juan Valadez 0-0: Ball
1-0: Ball
2-0: Called Strike
2-1: Ball
3-1: Fly out, F9 (Flyball, 9LM, EV 89.4 MPH)
Batting: RHB Allen Deschamps 0-0: Ball
1-0: Ball
2-0: Called Strike
2-1: Fly out, F8 (Flyball, 89M, EV 77.5 MPH)
Batting: LHB Jonathan Roman 0-0: Foul Ball, location: 2F
0-1: Ball
1-1: Swinging Strike
1-2: Ball
2-2: Ball
3-2: Foul Ball, location: 2F
3-2: Strikes out swinging
Top of the 5th over - 0 runs, 0 hits, 0 errors, 0 left on base; Philadelphia (APP) 0 - Danville 4
BOTTOM OF THE 5TH
Danville Braves batting - Pitching for Philadelphia (APP) Phillies : RHP Joe Morse
Batting: SHB Jose Melendez 0-0: Ball
1-0: Foul Ball, location: 2F
1-1: Foul Ball, location: 2F
1-2: SOLO HOME RUN (Flyball, 89XD, EV 108.8 MPH), Distance : 404 ft
Batting: RHB Brandon Burrell 0-0: Ball
1-0: Foul Ball, location: 2F
1-1: Called Strike
1-2: Foul Ball, location: 2F
1-2: Fly out, F8 (Flyball, 8RD, EV 82.5 MPH)
Pitching: LHP Tim Lawson
Batting: RHB Armando Moz 0-0: Ball
1-0: Ball
2-0: Ball
3-0: Called Strike
3-1: Base on Balls
Batting: RHB George Provance 0-0: Called Strike
0-1: DOUBLE (Line Drive, 9LM, EV 101.9 MPH)
Armando Moz to third
Runner from 3rd tries for Home, SAFE, throw by RF to home
Batting: RHB Gerard Michel 0-0: Ball
George Provance steals 3rd base
1-0: Foul Ball, location: 2F
1-1: Ball
2-1: Swinging Strike
2-2: Foul Ball, location: 2F
2-2: Ball
3-2: SINGLE (Line Drive, 5D, EV 95.6 MPH)
George Provance scores
Batting: RHB Zach Hulme 0-0: Ball
1-0: SINGLE (Groundball, 4D, EV 93.8 MPH)
Gerard Michel to second
Batting: RHB Joe Young 0-0: SINGLE (Groundball, 56S, EV 68.1 MPH) (infield hit)
Gerard Michel to third
Zach Hulme to second
Batting: RHB Yojiro Hayashi 0-0: Ball
1-0: Called Strike
1-1: Swinging Strike
1-2: Ball
2-2: Ball
3-2: Base on Balls
Gerard Michel scores
Zach Hulme to third
Joe Young to second
Batting: RHB Josh McCormick 0-0: Ball
1-0: Ball
2-0: Foul Ball, location: 2F
2-1: Ball
3-1: Base on Balls
Zach Hulme scores
Joe Young to third
Yojiro Hayashi to second
Batting: SHB Jose Melendez 0-0: Ball
1-0: Ball
2-0: Ball
3-0: Called Strike
3-1: GRAND SLAM HOME RUN (Flyball, 78XD, EV 100.6 MPH), Distance : 396 ft
Pitching: RHP Corey Harris
Batting: RHB Brandon Burrell 0-0: Ball
1-0: Called Strike
1-1: Ball
2-1: Ball
3-1: Ground out 5-3 (Groundball, 56S, EV 81.2 MPH)
Batting: RHB Armando Moz 0-0: Called Strike
0-1: Ball
1-1: Swinging Strike
1-2: Fly out, F8 (Line Drive, 8LD, EV 88.8 MPH)
Bottom of the 5th over - 9 runs, 6 hits, 0 errors, 0 left on base; Philadelphia (APP) 0 - Danville 13
TOP OF THE 6TH
Philadelphia (APP) Phillies batting - Pitching for Danville Braves : RHP Rick Grenfell
Batting: LHB Matt Urbanek 0-0: Swinging Strike
0-1: Called Strike
0-2: Ball
1-2: Ball
2-2: Ball
3-2: Fly out, F8 (Line Drive, 8RD, EV 88.8 MPH)
Batting: SHB Marco de Leon 0-0: Called Strike
0-1: Ball
1-1: Foul Ball, location: 2F
1-2: Ground out 4-3 (Groundball, 4, EV 86.2 MPH)
Batting: RHB Eduardo Calderon 0-0: Called Strike
0-1: SINGLE (Groundball, 4M, EV 102.5 MPH) (infield hit)
Batting: RHB Mike Bell 0-0: Called Strike
0-1: Foul Ball, location: 2F
0-2: Ball
1-2: Ball
2-2: Ball
3-2: Strikes out swinging
Top of the 6th over - 0 runs, 1 hit, 0 errors, 1 left on base; Philadelphia (APP) 0 - Danville 13
BOTTOM OF THE 6TH
Danville Braves batting - Pitching for Philadelphia (APP) Phillies : RHP Corey Harris
Batting: RHB George Provance 0-0: Called Strike
0-1: Called Strike
0-2: Ground out 4-3 (Groundball, 4S, EV 88.8 MPH)
Batting: RHB Gerard Michel 0-0: SINGLE (Popup, 13S, EV 85.0 MPH)
Batting: RHB Zach Hulme 0-0: Foul Ball, location: 2F
0-1: SINGLE (Flyball, 89M, EV 93.8 MPH)
Gerard Michel to second
Batting: RHB Joe Young 0-0: Ball
1-0: Swinging Strike
1-1: Fly out, F7 (Flyball, 78D, EV 104.4 MPH)
Pitching: RHP Lance Brisson
Batting: RHB Yojiro Hayashi 0-0: Called Strike
0-1: SINGLE (Groundball, 56, EV 95.0 MPH)
Gerard Michel to third
Zach Hulme to second
Runner from 3rd tries for Home, SAFE, throw by LF to home
Batting: RHB Josh McCormick 0-0: Ball
1-0: Ball
2-0: Foul Ball, location: 2F
2-1: Ball
Wild Pitch!
Zach Hulme to third
Yojiro Hayashi to second
3-1: Called Strike
3-2: Foul Ball, location: 2F
3-2: Base on Balls
Batting: SHB Jose Melendez 0-0: Ball
1-0: Ball
2-0: Called Strike
2-1: Ball
3-1: Foul Ball, location: 2F
3-2: GRAND SLAM HOME RUN (Line Drive, 7D, EV 102.5 MPH), Distance : 370 ft
Batting: RHB Brandon Burrell 0-0: Ball
1-0: Ball
2-0: Ball
3-0: Called Strike
3-1: Base on Balls
Pitching: LHP Shirou Yoshida
Batting: RHB Armando Moz 0-0: Called Strike
0-1: Swinging Strike
0-2: Ball
1-2: DOUBLE (Groundball, 5L, EV 101.2 MPH)
Brandon Burrell to third
Runner from 3rd tries for Home, SAFE, throw by LF to home
Batting: RHB George Provance 0-0: Fly out, F4 (Popup, 4, EV 70.0 MPH)
Bottom of the 6th over - 6 runs, 5 hits, 0 errors, 1 left on base; Philadelphia (APP) 0 - Danville 19
TOP OF THE 7TH
Philadelphia (APP) Phillies batting - Pitching for Danville Braves : RHP Rick Grenfell
Batting: LHB Emilio Ortez 0-0: Foul Ball, location: 2F
0-1: Called Strike
0-2: Ball
1-2: Ball
2-2: Fly out, F9 (Line Drive, 9, EV 88.1 MPH)
Batting: RHB Gary Sampson 0-0: Foul Ball, location: 2F
0-1: Ball
1-1: Ball
2-1: Ball
3-1: Fly out, F8 (Line Drive, 8RD, EV 90.6 MPH)
Batting: RHB Juan Valadez 0-0: Ball
1-0: Ball
2-0: Swinging Strike
2-1: Called Strike
2-2: Foul Ball, location: 2F
2-2: Foul Ball, location: 2F
2-2: Strikes out swinging
Top of the 7th over - 0 runs, 0 hits, 0 errors, 0 left on base; Philadelphia (APP) 0 - Danville 19
BOTTOM OF THE 7TH
Danville Braves batting - Pitching for Philadelphia (APP) Phillies : LHP Shirou Yoshida
Pinch Hitting: RHB Phil Holman 0-0: Ball
1-0: Foul Ball, location: 2F
1-1: Foul Ball, location: 2F
1-2: Ball
2-2: Fly out, F3 (Popup, 34, EV 68.1 MPH)
Batting: RHB Zach Hulme 0-0: Ball
1-0: Ball
2-0: Called Strike
2-1: Ball
3-1: Base on Balls
Batting: RHB Joe Young 0-0: Called Strike
0-1: Ball
1-1: Swinging Strike
1-2: Ball
2-2: Foul Ball, location: 2F
2-2: Ball
3-2: Base on Balls
Zach Hulme to second
Pitching: RHP Si-dao Xia
Batting: RHB Yojiro Hayashi 0-0: Ball
1-0: DOUBLE (Flyball, 8RXD, EV 104.4 MPH)
Zach Hulme scores
Joe Young to third
Batting: RHB Josh McCormick 0-0: Called Strike
0-1: Ball
1-1: Ball
2-1: Swinging Strike
2-2: Fly out, F4 (Popup, 34, EV 70.6 MPH)
Batting: SHB Jose Melendez 0-0: Ball
1-0: Ball
2-0: Ball
3-0: Base on Balls
Pinch Hitting: RHB Miguel Vazquez 0-0: Foul Ball, location: 2F
0-1: Ball
1-1: Ball
2-1: Ball
3-1: Foul Ball, location: 2F
3-2: SINGLE (Groundball, 6D, EV 96.2 MPH)
Joe Young scores
Yojiro Hayashi to third
Jose Melendez to second
Yojiro Hayashi scores
Jose Melendez to third
Batting: RHB Armando Moz 0-0: Foul Ball, location: 2F
0-1: 3-RUN HOME RUN (Flyball, 7D, EV 98.1 MPH), Distance : 362 ft
Batting: RHB George Provance 0-0: Ball
1-0: Ball
2-0: Ball
3-0: Base on Balls
Batting: RHB Phil Holman 0-0: Ball
1-0: Swinging Strike
1-1: Ball
2-1: Ball
3-1: Base on Balls
George Provance to second
Batting: RHB Zach Hulme 0-0: Ball
1-0: Ball
2-0: Ball
3-0: Base on Balls
George Provance to third
Phil Holman to second
Batting: RHB Joe Young 0-0: Called Strike
0-1: Swinging Strike
0-2: Ball
1-2: Ball
2-2: Foul Ball, location: 2F
2-2: Hit by Pitch
George Provance scores
Phil Holman to third
Zach Hulme to second
Batting: RHB Yojiro Hayashi 0-0: Ball
1-0: Foul Ball, location: 2F
1-1: Ground out 5-3 (Groundball, 56S, EV 82.5 MPH)
Bottom of the 7th over - 7 runs, 3 hits, 0 errors, 3 left on base; Philadelphia (APP) 0 - Danville 26
TOP OF THE 8TH
Philadelphia (APP) Phillies batting - Pitching for Danville Braves : RHP Rick Grenfell
Pitching: RHP Chris Hawkins
Now at 1B: Miguel Vazquez
Now at 3B: Phil Holman
Batting: RHB Allen Deschamps 0-0: Called Strike
0-1: Swinging Strike
0-2: Ball
1-2: Ball
2-2: Strikes out swinging
Batting: LHB Jonathan Roman 0-0: Called Strike
0-1: Called Strike
0-2: Foul Ball, location: 2F
0-2: Foul Ball, location: 2F
0-2: Ball
1-2: Ball
2-2: Foul Ball, location: 2F
2-2: Strikes out swinging
Batting: LHB Matt Urbanek 0-0: Ball
1-0: Ball
2-0: Swinging Strike
2-1: Foul Ball, location: 2F
2-2: Strikes out swinging
Top of the 8th over - 0 runs, 0 hits, 0 errors, 0 left on base; Philadelphia (APP) 0 - Danville 26
BOTTOM OF THE 8TH
Danville Braves batting - Pitching for Philadelphia (APP) Phillies : RHP Si-dao Xia
Batting: RHB Josh McCormick 0-0: Ball
1-0: Swinging Strike
1-1: Ball
2-1: Ball
3-1: Base on Balls
Batting: SHB Jose Melendez 0-0: Ball
1-0: Ball
2-0: Fielders Choice at 2nd, 6-4 (Groundball, 6, EV 80.0 MPH)
Batting: RHB Miguel Vazquez 0-0: Grounds into double play, 5-4-3 (Groundball, 56, EV 88.1 MPH)
Bottom of the 8th over - 0 runs, 0 hits, 0 errors, 0 left on base; Philadelphia (APP) 0 - Danville 26
TOP OF THE 9TH
Philadelphia (APP) Phillies batting - Pitching for Danville Braves : RHP Chris Hawkins
Batting: SHB Marco de Leon 0-0: Swinging Strike
0-1: Called Strike
0-2: Strikes out swinging
Batting: RHB Eduardo Calderon 0-0: Foul Ball, location: 2F
0-1: Ball
1-1: Ball
2-1: Ground out 6-3 (Groundball, 6, EV 85.6 MPH)
Batting: RHB Mike Bell 0-0: Ball
1-0: Called Strike
1-1: Fly out, F7 (Flyball, 7D, EV 81.9 MPH)
Top of the 9th over - 0 runs, 0 hits, 0 errors, 0 left on base; Philadelphia (APP) 0 - Danville 26
Wednesday, June 22nd , 2022 - OOTP Baseball 23.4 Build 64